 Dungeon Crawl Stone Soup version 0.31.0-2-g5a2aebc5c2 (webtiles) character file.

Game seed: 13287114140225093991

65219 LustLizard the Severer (level 14, 0/130 (132) HPs)
             Began as a Minotaur Berserker on Jan 19, 2024.
             Was the Champion of Trog.
             Slain by a smoke demon (1 damage)
             ... summoned by an orc high priest
             ... on level 2 of the Orcish Mines on Jan 20, 2024.
             The game lasted 00:40:54 (19883 turns).

LustLizard the Severer (Minotaur Berserker)        Turns: 19883, Time: 00:40:54

HP:   0/130 (132)   AC: 11    Str: 26    XL:     14   Next: 74%
MP:   13/13         EV: 10    Int:  6    God:    Trog [******]
Gold: 1750          SH:  0    Dex: 19    Spells: 13/13 levels left

rFire   . . .        S - +5 war axe (flame)
rCold   . . .        (no shield)
rNeg    . . .        P - +7 chain mail "Jiojuv" {+Inv Will+ Str+2 Dex+2}
rPois   +            (helmet restricted)
rElec   .            y - +0 cloak
rCorr   .            w - +0 pair of gloves
SInv    .            m - +0 pair of boots
Will    ++...        M - amulet of regeneration Stlth
                     h - +6 ring of dexterity
HPRegen 1.21/turn    f - ring of poison resistance
MPRegen 0.13/turn

%: no passive effects
@: about to teleport, corroded, lightly drained
A: horns 2, retaliatory headbutt
a: Renounce Religion, Evoke Invisibility, Berserk, Trog's Hand, Brothers in Arms


You were on level 2 of the Orcish Mines.
You worshipped Trog.
Trog was exalted by your worship.
You visited 3 branches of the dungeon, and saw 19 of its levels.

You collected 1848 gold pieces.
You spent 98 gold pieces at shops.

Inventory:

Hand Weapons
 n - a +6 quick blade of flaming
 B - a +3 battleaxe of freezing
 S - a +5 war axe of flaming (weapon)
Missiles
 c - 46 poisoned darts
 e - 9 boomerangs
 g - 6 atropa-tipped darts
 F - a throwing net
Armour
 m - a +0 pair of boots (worn)
 w - a +0 pair of gloves (worn)
 y - a +0 cloak (worn)
 H - the +4 tower shield of Xuereag {+Inv rElec rF+}
   (You found it on level 8 of the Dungeon)

   rF+:       It protects you from fire.
   rElec:     It insulates you from electricity.
   +Inv:      It lets you turn invisible.
 P - the +7 chain mail "Jiojuv" (worn) {+Inv Will+ Str+2 Dex+2}
   (You found it on level 1 of the Lair of Beasts)

   Str+2:     It affects your strength (+2).
   Dex+2:     It affects your dexterity (+2).
   Will+:     It increases your willpower.
   +Inv:      It lets you turn invisible.
Jewellery
 f - a ring of poison resistance (right hand)
 h - a +6 ring of dexterity (left hand)
 x - an amulet of faith
 D - a ring of protection from cold
 E - a ring of protection from cold
 J - an amulet of reflection
 K - a ring of flight
 M - an amulet of regeneration (around neck)
 O - a ring of protection from cold
 T - a +6 ring of dexterity
Wands
 p - a wand of charming (28)
 q - a wand of digging (4)
 z - a wand of iceblast (17)
 N - a wand of flame (19)
Scrolls
 k - 2 scrolls of blinking
 l - 2 scrolls of brand weapon {unknown}
 o - a scroll of fog {unknown}
 t - 5 scrolls of enchant armour
 u - 3 scrolls of poison {unknown}
 A - 3 scrolls of fear
 G - 2 scrolls of immolation {unknown}
 I - 5 scrolls of teleportation
 L - a scroll of silence {unknown}
 Q - a scroll of revelation {unknown}
 R - a scroll of enchant weapon
 V - a scroll of torment {unknown}
Potions
 b - 2 potions of heal wounds
 d - 5 potions of curing
 i - 2 potions of haste
 j - 2 potions of magic
 r - 3 potions of lignification
 s - 2 potions of berserk rage
 v - 6 potions of mutation
 C - 2 potions of might
 U - 2 potions of cancellation
Miscellaneous
 a - a box of beasts


   Skills:
 + Level 14.0 Fighting
 * Level 18.7 Axes
 + Level 11.4 Throwing
 + Level 10.5 Armour
 - Level 2.1 Dodging
 + Level 10.2 Shields
 + Level 7.2 Evocations


You had 13 spell levels left.
You didn't know any spells.
Your spell library was empty.

Dungeon Overview and Level Annotations

Branches:
Dungeon (12/15)            Temple (0/1) D:6            Lair (5/5) D:8
  Swamp (0/4) Lair:2       Spider (0/4) Lair:3        Slime (0/5) Lair:4
    Orc (2/2) D:12            Elf (0/3) Orc:2

Altars:
Ru
Jiyva

Shops:
D:10 ?   D:12 =

Annotations:
D:9 2 transporters, zazaan's ghost, novice DjCj
D:10 3 runed translucent doors, Ruich's ghost, journeyman MiBe


Innate Abilities, Weirdness & Mutations

You have a pair of horns on your head.
You reflexively headbutt those who attack you in melee.


Message History

You punch the orc high priest, but do no damage.
The orc high priest is heavily wounded.
You hit the soul eater but do no damage.
You hit the orc knight but do no damage.
You barely miss the rust devil.
The orc high priest mumbles some strange prayers to Beogh.
The orc knight hits you with a +0 halberd!
The orc warrior moves out of view.
You closely miss the orc high priest.
You headbutt the orc high priest, but do no damage.
The orc high priest is heavily wounded.
You barely miss the soul eater. You barely miss the orc knight.
You hit the smoke demon but do no damage.
You completely miss the rust devil. The rust devil hits you.
The rust devil corrodes you!
The soul eater hits you but does no damage.
As you read the scroll of teleportation, it crumbles to dust.
You feel strangely unstable. The smoke demon hits you.
* * * LOW HITPOINT WARNING * * *
The smoke demon hits you but does no damage. x2
The orc high priest barely misses you. You furiously retaliate!
You headbutt the orc high priest, but do no damage.
An orc wizard comes into view. It is wielding a +0 dagger.
The orc knight hits you with a +0 halberd!
* * * LOW HITPOINT WARNING * * *
The orc knight roars a battlecry!
The orc knight goes into a battle-frenzy!
The orc sorcerer gestures wildly while chanting.
The rust devil closely misses you. You furiously retaliate!
You headbutt the rust devil.
The soul eater hits you but does no damage.
The orc knight hits you from afar with a +0 halberd!
* * * LOW HITPOINT WARNING * * *
The orc high priest invokes the aid of Beogh against you.
Beogh smites you!
* * * LOW HITPOINT WARNING * * *
The smoke demon hits you.
* * * LOW HITPOINT WARNING * * *
The smoke demon hits you.
You die...

#####
##^..###
##..343.##
##...@)oo4#
#...)##o3÷..#
##...##
#3o4.# ##.
##....#
ooo..# #.#
##....##
.÷÷.÷## ...
##.....#
.....#.##.###
#......#
....#.#...#.
##>..)..#
o...#.......
.##.#.....###
#.......


You could see 2 orc knights, 2 soul eaters, 2 orc high priests, an orange demon
(summoned), a rust devil (summoned), a sixfirhy (summoned), a smoke demon
(summoned), an orc sorcerer (strong), a red devil (summoned) and an orc warrior
(strong).

Vanquished Creatures
  Kirke (Lair:5)
  Snorg (Lair:5)
  Erolcha (Orc:2)
  3 hydras
  An ice dragon (Lair:5)
  A ghost crab (Lair:2)
  A catoblepas (Lair:4)
  3 two-headed ogres
  8 death yaks
  Urug (Lair:3)
  An orc high priest (Orc:1)
  4 skeletal warriors (D:11)
  Amaemon (Lair:3)
  2 skysharks
  An orb spider (Lair:3)
  An orc knight (Orc:2)
  A spectral hydra (Lair:2)
  A lindwurm (Lair:5)
  A deep elf pyromancer (D:12)
  2 wolf spiders (Lair:5)
  2 manticores (D:12)
  A cyclops (D:11)
  A guardian serpent (Lair:5)
  A kobold blastminer (Orc:2)
  5 elephants (Lair:2)
  7 black mambas
  5 torpor snails (Lair:5)
  3 gargoyles (D:12)
  15 cane toads
  An orange demon (Lair:3)
  2 unseen horrors
  A kobold demonologist (D:12)
  4 rime drakes
  5 komodo dragons
  4 trolls
  4 tyrant leeches (Lair:5)
  19 blink frogs
  11 hornets
  A polar bear (Lair:2)
  2 spectral elephants (Lair:2)
  A spectral black mamba (Lair:2)
  3 slime creatures (D:10)
  20 wyverns
  Eustachio (D:6)
  4 basilisks
  A wraith (D:9)
  3 hogs (Lair:5)
  A warg (Orc:1)
  42 yaks
  7 vampire mosquitoes
  2 steam dragons
  A spectral komodo dragon (Lair:2)
  2 redbacks (Lair:5)
  3 acid dragons
  23 water moccasins
  14 orc warriors
  A spectral yak (Lair:2)
  2 black bears
  2 ice beasts
  4 ogres
  5 wolves (Lair:2)
  2 centaurs (D:7)
  2 phantoms
  5 kobold brigands
  Blork the orc (D:6)
  18 bullfrogs
  2 scorpions
  7 wights
  6 killer bees (D:7)
  A howler monkey (D:9)
  3 electric eels
  5 jellies (Lair:4)
  8 orc priests
  3 hounds
  5 sleepcaps
  3 iguanas
  15 orc wizards
  4 gnolls
  3 adders
  2 ufetubi (D:5)
  A ribbon worm (D:4)
  A dart slug (D:3)
  55 orcs
  4 bats
  8 endoplasms
  2 giant cockroaches
  2 goblins
  6 hobgoblins
  2 jackals (D:2)
  30 kobolds
  5 quokkas
  3 ball pythons (D:2)
486 creatures vanquished.

Vanquished Creatures (others)
  An orc priest (Orc:2)
  An orc wizard (D:12)
2 creatures vanquished.

Grand Total: 488 creatures vanquished

Notes
Turn   | Place    | Note
-------+----------+-------------------------------------------
     0 | D:1      | LustLizard the Minotaur Berserker began the quest for the
                  | Orb.
     0 | D:1      | Reached XP level 1. HP: 19/19 MP: 0/0
   441 | D:1      | Reached skill level 4 in Axes
   441 | D:1      | Reached XP level 2. HP: 27/27 MP: 1/1
   759 | D:2      | Found a faded altar of an unknown god.
  1017 | D:2      | Identified the +1 leather armour of the Kangaroo {Will+}
  1068 | D:2      | Reached skill level 1 in Throwing
  1541 | D:3      | Reached XP level 3. HP: 31/33 MP: 2/2
  1871 | D:3      | Reached skill level 5 in Axes
  1871 | D:3      | Reached XP level 4. HP: 30/41 MP: 3/3
  1945 | D:3      | Reached ** piety under Trog
  2239 | D:4      | Noticed an ogre
  2248 | D:4      | HP: 2/41 [ogre/+0 giant club (14)]
  2249 | D:4      | Killed an ogre
  2250 | D:4      | Reached skill level 6 in Axes
  2250 | D:4      | Reached XP level 5. HP: 2/47 MP: 4/4
  2431 | D:4      | Noticed a phantom
  2441 | D:4      | Killed a phantom
  2442 | D:4      | Reached skill level 5 in Fighting
  2442 | D:4      | Reached XP level 6. HP: 56/56 MP: 5/5
  3246 | D:5      | Entered Level 5 of the Dungeon
  3387 | D:5      | Reached skill level 7 in Axes
  3392 | D:5      | Reached XP level 7. HP: 32/62 MP: 6/6
  3642 | D:5      | Identified the +3 whip of Peace {freeze, *Noise rC+ Str+2}
  4022 | D:6      | Reached skill level 8 in Axes
  4044 | D:6      | Noticed Eustachio
  4062 | D:6      | Killed Eustachio
  4077 | D:6      | Reached XP level 8. HP: 12/69 MP: 7/7
  4411 | D:6      | Reached skill level 9 in Axes
  4415 | D:6      | Reached *** piety under Trog
  4488 | D:6      | Found a staircase to the Ecumenical Temple.
  4507 | D:6      | Noticed Blork the orc
  4540 | D:6      | Reached skill level 5 in Throwing
  4540 | D:6      | Killed Blork the orc
  4735 | D:6      | Reached skill level 10 in Axes
  4991 | D:7      | Found a sacrificial altar of Ru.
  5098 | D:7      | Noticed a hornet
  5107 | D:7      | Killed a hornet
  5179 | D:7      | Reached XP level 9. HP: 72/81 MP: 8/8
  5582 | D:7      | Reached skill level 11 in Axes
  6064 | D:8      | Identified the +4 tower shield of Xuereag {+Inv rElec rF+}
  6166 | D:8      | Reached **** piety under Trog
  6221 | D:8      | Noticed a komodo dragon
  6253 | D:8      | Killed a komodo dragon
  6254 | D:8      | Reached skill level 12 in Axes
  6644 | D:8      | Noticed a two-headed ogre
  6677 | D:8      | Killed a two-headed ogre
  6678 | D:8      | Reached XP level 10. HP: 91/91 MP: 9/9
  6735 | D:8      | Found a staircase to the Lair.
  6826 | D:9      | Noticed zazaan's ghost (novice DjCj)
  6827 | D:9      | Found a transporter.
  6828 | D:9      | Found a transporter.
  7055 | D:9      | Reached skill level 1 in Shields
  7277 | D:9      | Reached skill level 13 in Axes
  7591 | D:9      | Paralysed by a hornet for 1 turns
  7715 | D:10     | Entered Level 10 of the Dungeon
  7907 | D:10     | Found a runed translucent gate.
  7908 | D:10     | Found a runed translucent gate.
  7909 | D:10     | Found a runed translucent gate.
  7914 | D:10     | Noticed Ruich's ghost (journeyman MiBe)
  7922 | D:10     | Identified the +7 plate armour of Violim {rF+ Int+2}
  8219 | D:10     | Reached skill level 10 in Fighting
  8259 | D:10     | Found Isipnauk's Magic Scroll Shop.
  8309 | D:10     | Bought a scroll of teleportation for 42 gold pieces
  8309 | D:10     | Bought a scroll of fear for 56 gold pieces
  8989 | D:11     | Noticed a two-headed ogre
  8998 | D:11     | Killed a two-headed ogre
  9000 | D:11     | Noticed a cyclops
  9161 | D:11     | Killed a cyclops
  9616 | D:11     | Noticed a skeletal warrior
  9616 | D:11     | Noticed a skeletal warrior
  9616 | D:11     | Noticed a skeletal warrior
  9618 | D:11     | Noticed a skeletal warrior
  9633 | D:11     | Killed a skeletal warrior
  9634 | D:11     | Reached skill level 14 in Axes
  9634 | D:11     | Reached skill level 1 in Evocations
  9634 | D:11     | Reached XP level 11. HP: 101/101 MP: 10/10
  9639 | D:11     | Killed a skeletal warrior
  9877 | D:11     | Killed a skeletal warrior
  9878 | D:11     | Reached skill level 5 in Armour
 10114 | D:11     | HP: 2/151 [skeletal warrior/+0 glaive (24)]
 10115 | D:11     | Killed a skeletal warrior
 10701 | D:12     | Found Miymel's Jewellery Emporium.
 10708 | D:12     | Noticed a deep elf pyromancer
 10761 | D:12     | Killed a deep elf pyromancer
 10865 | D:12     | Reached skill level 5 in Shields
 11237 | D:12     | Reached ***** piety under Trog
 11238 | D:12     | Reached skill level 15 in Axes
 11370 | D:12     | Noticed a two-headed ogre
 11393 | D:12     | Killed a two-headed ogre
 11529 | D:12     | Reached XP level 12. HP: 46/110 MP: 11/11
 11884 | D:12     | Found a staircase to the Orcish Mines.
 12020 | Lair:1   | Entered Level 1 of the Lair of Beasts
 12079 | Lair:1   | Upgraded the game from 0.31.0 to 0.31.0-2-g5a2aebc5c2
 12365 | Lair:1   | Identified the +7 chain mail "Jiojuv" {+Inv Will+ Str+2
                  | Dex+2}
 13164 | Lair:2   | Noticed an eight-headed hydra
 13173 | Lair:2   | Killed an eight-headed hydra
 13174 | Lair:2   | Reached skill level 16 in Axes
 13204 | Lair:2   | Received a gift from Trog
 13674 | Lair:2   | Reached XP level 13. HP: 96/119 MP: 12/12
 13934 | Lair:2   | Reached skill level 5 in Evocations
 13938 | Lair:2   | Found a staircase to the Swamp.
 13958 | Lair:2   | Reached skill level 10 in Throwing
 14156 | Lair:3   | Noticed Urug
 14180 | Lair:3   | Killed Urug
 14333 | Lair:3   | Found a hole to the Spider Nest.
 14939 | Lair:3   | Noticed Amaemon
 14954 | Lair:3   | Killed Amaemon
 15084 | Lair:3   | Reached skill level 17 in Axes
 15691 | Lair:4   | Found a staircase to the Slime Pits.
 15715 | Lair:4   | Found a viscous altar of Jiyva.
 16835 | Lair:5   | Entered Level 5 of the Lair of Beasts
 16999 | Lair:5   | Reached XP level 14. HP: 129/129 MP: 13/13
 17099 | Lair:5   | Received a gift from Trog
 17357 | Lair:5   | Noticed Snorg
 17368 | Lair:5   | Killed Snorg
 17369 | Lair:5   | Reached skill level 18 in Axes
 17519 | Lair:5   | Noticed Kirke
 17548 | Lair:5   | Killed Kirke
 17599 | Lair:5   | Reached ****** piety under Trog
 17651 | Lair:5   | Reached skill level 10 in Armour
 17721 | Lair:5   | Paralysed by a hornet for 3 turns
 17982 | Lair:5   | Paralysed by a hornet for 3 turns
 18071 | Lair:5   | Paralysed by a hornet for 2 turns
 18610 | Lair:5   | Reached skill level 10 in Shields
 19072 | Orc:1    | Entered Level 1 of the Orcish Mines
 19574 | Orc:2    | Entered Level 2 of the Orcish Mines
 19653 | Orc:2    | Received a gift from Trog
 19817 | Orc:2    | Noticed Erolcha
 19833 | Orc:2    | Killed Erolcha
 19842 | Orc:2    | Found a staircase to the Elven Halls.
 19883 | Orc:2    | HP: 3/130 [orc high priest/divine providence (8)]
 19883 | Orc:2    | HP: 1/130 [smoke demon[an orc high priest] (2)]
 19883 | Orc:2    | Slain by a smoke demon

Illustrated notes

Levels and vault maps discovered:
D:1:      eino_arrival_druids_welcome, layout_loops_corners, hex_large
D:2:      layout_rooms, serial_glass, glass_columns_c, glass_columns_a,
          nicolae_ecumenical_pavilion, minmay_misc_feat_chi,
          guppyfry_early_lair_pool
D:3:      layout_loops_ring
D:4:      layout_cave_pods
D:5:      layout_cave_pools
D:6:      layout_rooms, minmay_temple_entry_arrows, st_stairs_1,
          uniq_blork_the_orc, uniq_eustachio
D:7:      layout_loops_ring, mainiacjoe_overflow_catwalk, kennysheep_path_1
D:8:      layout_rooms, david_lair_shrubbed, grunt_decor_one_mirror
D:9:      layout_roguey, gammafunk_ghost_hive
D:10:     layout_stronghold, serial_shops,
          nicolae_shop_temple_entry_statues_fountains,
          biasface_ghost_orc_armoury
D:11:     layout_stronghold, small_statue_intersection
D:12:     layout_loops_ring, erik_orc_2, serial_shops, shop,
          serial_library_hellmonk_filled_rooms
Lair:1:   layout_roguey, wad_woods_road_05
Lair:2:   layout_chaotic_city, nicolae_swamp_entry_spooky
Lair:3:   layout_regular_city, nicolae_spider_entry_orb_guardian,
          bh_autumn_forest_stairs, uniq_amaemon, uniq_urug
Lair:4:   layout_small_grid, nicolae_slime_entry_field_trip,
          infiniplex_staircase_pool, grunt_megastairs_1
Lair:5:   hangedman_lair_tendril_chambers, layout_cave_pods, wormcave,
          st_stairs_13, serial_bayou_lake_a, uniq_kirke, uniq_snorg
Orc:1:    layout_caves, uniq_maurice
Orc:2:    grunt_orc_tribal_feast, layout_caves, basic_altar, uniq_erolcha

Skill      XL: |  1  2  3  4  5  6  7  8  9 10 11 12 13 14 |
---------------+-------------------------------------------+-----
Axes           | 4 5 6 7 8 10 12 14 15 16 17 18 | 18.7
Fighting       | 4 5 6 7 9 10 11 12 13 14 | 14.0
Throwing       | 1 2 3 4 5 7 8 9 10 11 | 11.4
Shields        | 3 5 7 9 10 | 10.2
Armour         | 4 6 8 9 10 | 10.5
Evocations     | 1 3 4 6 7 |  7.2
Dodging        | |  2.1

Action                     |  1- 3 |  4- 6 |  7- 9 | 10-12 | 13-15 || total
---------------------------+-------+-------+-------+-------+-------++-------
  Melee: Hand axe          |    75 |    92 |    12 |       |       ||   179
         Headbutt          |    14 |    18 |    58 |   161 |   174 ||   425
         Punch             |       |     1 |     2 |     5 |    11 ||    19
         Whip              |       |       |   212 |    31 |       ||   243
         War axe           |       |       |       |   621 |   723 ||  1344
  Throw: Dart              |       |     3 |    12 |    16 |       ||    31
         Boomerang         |       |     5 |     1 |     6 |     1 ||    13
         Throwing net      |       |       |       |     1 |       ||     1
 Invoke: Berserk           |       |       |       |     2 |     2 ||     4
  Evoke: Wand              |       |       |       |       |     5 ||     5
    Use: Scroll            |       |       |     3 |     9 |     6 ||    18
         Potion            |       |       |     1 |     2 |     1 ||     4
   Stab: Held in net/web   |       |       |       |     2 |       ||     2
         Petrifying        |       |       |       |       |     2 ||     2
         Petrified         |       |       |       |       |     2 ||     2
 Armour: Animal skin       |     7 |       |       |       |       ||     7
         Leather armour    |    23 |    40 |    10 |       |       ||    73
         Ring mail         |     4 |       |       |       |       ||     4
         Plate armour      |       |       |   181 |   387 |       ||   568
         Chain mail        |       |       |       |   135 |   616 ||   751
  Dodge: Dodged            |    33 |    45 |    93 |   203 |   278 ||   652
